TOP OF THE 1ST |
Columbia Fireflies batting - Pitching for Mobile BayBears : LHP Steve Calhoon
|
Pitching: LHP Steve Calhoon
|
|
Batting: SHB Detlef Oursler
|
0-0: Fly out, F8 (Flyball, 8RD, EV 103.1 MPH)
|
Batting: LHB Jamel Alexander
|
0-0: Called Strike 0-1: Called Strike 0-2: DOUBLE (Line Drive, 89D, EV 105.6 MPH)
|
Batting: LHB Bayesa Mundhir
|
0-0: Ball 1-0: 2-RUN HOME RUN (Flyball, 89XD, EV 105.0 MPH), Distance : 402 ft
|
Batting: SHB Jerry Burrows
|
0-0: Ground out 4-3 (Groundball, 4, EV 81.2 MPH)
|
Batting: LHB Miguel Ramos
|
0-0: Called Strike 0-1: Foul Ball, location: 2F 0-2: Ball 1-2: Ball 2-2: Ball 3-2: Strikes out swinging
|
Top of the 1st over - 2 runs, 2 hits, 0 errors, 0 left on base; Columbia 2 - Mobile 0 |
BOTTOM OF THE 1ST |
Mobile BayBears batting - Pitching for Columbia Fireflies : RHP Raymundo Pato
|
Pitching: RHP Raymundo Pato
|
|
Batting: RHB Luke Stark
|
0-0: Ball 1-0: Swinging Strike 1-1: Ball 2-1: Swinging Strike 2-2: Strikes out swinging
|
Batting: LHB Yao-pang Tien
|
0-0: Ball 1-0: Ground out 6-3 (Groundball, 4M, EV 101.9 MPH)
|
Batting: RHB Seth Tramontano
|
0-0: Ground out 6-3 (Groundball, 6, EV 93.8 MPH)
|
Bottom of the 1st over - 0 runs, 0 hits, 0 errors, 0 left on base; Columbia 2 - Mobile 0 |
TOP OF THE 2ND |
Columbia Fireflies batting - Pitching for Mobile BayBears : LHP Steve Calhoon
|
Batting: SHB Jason Evans
|
0-0: Called Strike 0-1: Ground out 5-3 (Groundball, 56, EV 83.1 MPH)
|
Batting: LHB Dan Bremseth
|
0-0: SINGLE (Groundball, 34D, EV 101.2 MPH)
|
Batting: RHB Gary Hills
|
0-0: Called Strike Dan Bremseth steals 2nd base 0-1: Ball 1-1: Ground out 4-3 (Groundball, 4, EV 101.9 MPH) Dan Bremseth to third
|
Batting: RHB David Reyna
|
0-0: Ball 1-0: Foul Ball, location: 2F 1-1: Ball 2-1: Ball 3-1: Fly out, F8 (Line Drive, 8LD, EV 92.5 MPH)
|
Top of the 2nd over - 0 runs, 1 hit, 0 errors, 1 left on base; Columbia 2 - Mobile 0 |
BOTTOM OF THE 2ND |
Mobile BayBears batting - Pitching for Columbia Fireflies : RHP Raymundo Pato
|
Batting: SHB Rich Muniz
|
0-0: Called Strike 0-1: Foul Ball, location: 2F 0-2: Ground out 6-3 (Groundball, 6, EV 81.2 MPH)
|
Batting: RHB Josh Burrows
|
0-0: Called Strike 0-1: Swinging Strike 0-2: Fly out, F7 (Flyball, 7LSF, EV 90.6 MPH)
|
Batting: RHB Francisco Gutierrez
|
0-0: Foul Ball, location: 2F 0-1: SOLO HOME RUN (Flyball, 8RXD, EV 108.8 MPH), Distance : 430 ft
|
Batting: RHB D.J. Cooke
|
0-0: Called Strike 0-1: Fly out, F6 (Line Drive, 6M, EV 76.2 MPH)
|
Bottom of the 2nd over - 1 run, 1 hit, 0 errors, 0 left on base; Columbia 2 - Mobile 1 |
TOP OF THE 3RD |
Columbia Fireflies batting - Pitching for Mobile BayBears : LHP Steve Calhoon
|
Batting: SHB Detlef Oursler
|
0-0: Ball 1-0: Called Strike 1-1: Fly out, F9 (Flyball, 89M, EV 93.8 MPH)
|
Batting: LHB Jamel Alexander
|
0-0: Ball 1-0: Ball 2-0: SINGLE (Groundball, 4D, EV 94.4 MPH)
|
Batting: LHB Bayesa Mundhir
|
0-0: Ball 1-0: Swinging Strike 1-1: Foul Ball, location: 2F 1-2: Strikes out swinging
|
Batting: SHB Jerry Burrows
|
0-0: Swinging Strike 0-1: Swinging Strike 0-2: Ball 1-2: Ball 2-2: Ball 3-2: Foul Ball, location: 2F 3-2: Strikes out swinging
|
Top of the 3rd over - 0 runs, 1 hit, 0 errors, 1 left on base; Columbia 2 - Mobile 1 |
BOTTOM OF THE 3RD |
Mobile BayBears batting - Pitching for Columbia Fireflies : RHP Raymundo Pato
|
Batting: RHB Sean Tanner
|
0-0: Reached on error, E6 (Groundball, 6, EV 85.6 MPH)
|
Batting: RHB Carlos Ballesteros
|
0-0: Foul Ball, location: 2F 0-1: Foul Ball, location: 2F 0-2: Ball 1-2: Ground out 5-3 (Groundball, 56, EV 83.1 MPH)
|
Batting: RHB Luke Stark
|
0-0: Ball 1-0: Ball 2-0: Ball 3-0: Called Strike 3-1: Base on Balls
|
Batting: LHB Yao-pang Tien
|
0-0: Ball 1-0: Foul Ball, location: 2F 1-1: Swinging Strike 1-2: Ball 2-2: Ball 3-2: Foul Ball, location: 2F 3-2: Fielders Choice at 2nd, 4-6 (Groundball, 4, EV 108.8 MPH) Sean Tanner to third
|
Batting: RHB Seth Tramontano
|
0-0: Called Strike 0-1: Foul Ball, location: 2F 0-2: Strikes out swinging
|
Bottom of the 3rd over - 0 runs, 0 hits, 1 error, 2 left on base; Columbia 2 - Mobile 1 |
TOP OF THE 4TH |
Columbia Fireflies batting - Pitching for Mobile BayBears : LHP Steve Calhoon
|
Batting: LHB Miguel Ramos
|
0-0: Called Strike 0-1: Called Strike 0-2: Ball 1-2: Ball 2-2: Strikes out swinging
|
Batting: SHB Jason Evans
|
0-0: Ball 1-0: Ball 2-0: Ball 3-0: Called Strike 3-1: Ground out 4-3 (Groundball, 4, EV 86.2 MPH)
|
Batting: LHB Dan Bremseth
|
0-0: Ball 1-0: Swinging Strike 1-1: Ball 2-1: Ball 3-1: Called Strike 3-2: Strikes out swinging
|
Top of the 4th over - 0 runs, 0 hits, 0 errors, 0 left on base; Columbia 2 - Mobile 1 |
BOTTOM OF THE 4TH |
Mobile BayBears batting - Pitching for Columbia Fireflies : RHP Raymundo Pato
|
Batting: SHB Rich Muniz
|
0-0: Swinging Strike 0-1: Ground out 4-3 (Groundball, 4, EV 96.2 MPH)
|
Batting: RHB Josh Burrows
|
0-0: Ball 1-0: Ball 2-0: Ball 3-0: Base on Balls
|
Batting: RHB Francisco Gutierrez
|
0-0: Called Strike 0-1: Ball 1-1: Ball 2-1: Foul Ball, location: 2F 2-2: SINGLE (Line Drive, 6M, EV 100.0 MPH) Josh Burrows to second Runner from 2nd tries for 3rd, SAFE, throw by CF made to third
|
Batting: RHB D.J. Cooke
|
0-0: Called Strike 0-1: Foul Ball, location: 2F 0-2: Strikes out swinging
|
Batting: RHB Sean Tanner
|
0-0: Fielders Choice at 2nd, U4 (Groundball, 4M, EV 76.9 MPH)
|
Bottom of the 4th over - 0 runs, 1 hit, 0 errors, 2 left on base; Columbia 2 - Mobile 1 |
TOP OF THE 5TH |
Columbia Fireflies batting - Pitching for Mobile BayBears : LHP Steve Calhoon
|
Batting: RHB Gary Hills
|
0-0: Fly out, F9 (Flyball, 9D, EV 100.0 MPH)
|
Batting: RHB David Reyna
|
0-0: Called Strike 0-1: Swinging Strike 0-2: Foul Ball, location: 2F 0-2: Ball 1-2: Ball 2-2: Foul Ball, location: 2F 2-2: Strikes out swinging
|
Batting: SHB Detlef Oursler
|
0-0: Ball 1-0: Ball 2-0: Fly out, F7 (Flyball, 7, EV 83.1 MPH)
|
Top of the 5th over - 0 runs, 0 hits, 0 errors, 0 left on base; Columbia 2 - Mobile 1 |
BOTTOM OF THE 5TH |
Mobile BayBears batting - Pitching for Columbia Fireflies : RHP Raymundo Pato
|
Batting: RHB Carlos Ballesteros
|
0-0: Called Strike 0-1: Ball 1-1: Called Strike 1-2: Ground out 6-3 (Groundball, 56, EV 103.8 MPH)
|
Batting: RHB Luke Stark
|
0-0: Fly out, F9 (Flyball, 89M, EV 86.9 MPH)
|
Batting: LHB Yao-pang Tien
|
0-0: Called Strike 0-1: Foul Ball, location: 2F 0-2: Foul Ball, location: 2F 0-2: Ball 1-2: Ball 2-2: Foul Ball, location: 2F 2-2: Ball 3-2: Foul Ball, location: 2F 3-2: SINGLE (Line Drive, 9S, EV 105.0 MPH)
|
Batting: RHB Seth Tramontano
|
0-0: Ball 1-0: Foul Ball, location: 2F 1-1: Ball 2-1: DOUBLE (Flyball, 9LD, EV 108.8 MPH) Yao-pang Tien to third Runner from 3rd tries for Home, SAFE, no throw by RF
|
Batting: SHB Rich Muniz
|
0-0: Called Strike 0-1: Foul Ball, location: 2F 0-2: Ball Wild Pitch! Seth Tramontano to third 1-2: Foul Ball, location: 2F 1-2: Fly out, F8 (Flyball, 8LS, EV 90.6 MPH)
|
Bottom of the 5th over - 1 run, 2 hits, 0 errors, 1 left on base; Columbia 2 - Mobile 2 |
TOP OF THE 6TH |
Columbia Fireflies batting - Pitching for Mobile BayBears : LHP Steve Calhoon
|
Batting: LHB Jamel Alexander
|
0-0: Called Strike 0-1: Called Strike 0-2: Ball 1-2: Foul Ball, location: 2F 1-2: Foul Ball, location: 2F 1-2: Ball 2-2: Foul Ball, location: 2F 2-2: Ball 3-2: Strikes out swinging
|
Batting: LHB Bayesa Mundhir
|
0-0: Foul Ball, location: 2F 0-1: Ball 1-1: Fly out, F9 (Line Drive, 9LM, EV 104.4 MPH)
|
Batting: SHB Jerry Burrows
|
0-0: Reached on error, E5 (Groundball, 56S, EV 88.8 MPH)
|
Batting: LHB Miguel Ramos
|
0-0: Ball 1-0: Ball 2-0: Called Strike 2-1: Ball 3-1: Base on Balls Jerry Burrows to second
|
Batting: SHB Jason Evans
|
0-0: Called Strike 0-1: Foul Ball, location: 2F 0-2: Ball 1-2: Strikes out looking
|
Top of the 6th over - 0 runs, 0 hits, 1 error, 2 left on base; Columbia 2 - Mobile 2 |
BOTTOM OF THE 6TH |
Mobile BayBears batting - Pitching for Columbia Fireflies : RHP Raymundo Pato
|
Batting: RHB Josh Burrows
|
0-0: Called Strike 0-1: Ground out 5-3 (Groundball, 56S, EV 91.9 MPH)
|
Batting: RHB Francisco Gutierrez
|
0-0: Called Strike 0-1: Fly out, F9 (Flyball, 89M, EV 78.8 MPH)
|
Batting: RHB D.J. Cooke
|
0-0: Swinging Strike 0-1: Ball 1-1: Ball 2-1: Ball 3-1: Foul Ball, location: 2F 3-2: SINGLE (Groundball, 56, EV 98.1 MPH) (infield hit)
|
Batting: RHB Sean Tanner
|
0-0: Ball D.J. Cooke is caught stealing 2nd base 2-4
|
Bottom of the 6th over - 0 runs, 1 hit, 0 errors, 0 left on base; Columbia 2 - Mobile 2 |
TOP OF THE 7TH |
Columbia Fireflies batting - Pitching for Mobile BayBears : LHP Steve Calhoon
|
Batting: LHB Dan Bremseth
|
0-0: DOUBLE (Line Drive, 78XD, EV 107.5 MPH)
|
Batting: RHB Gary Hills
|
0-0: Ball 1-0: Ball 2-0: Ball 3-0: Base on Balls
|
Pitching: LHP Heath Henderson
|
|
Batting: RHB David Reyna
|
0-0: Swinging Strike 0-1: Fielders Choice at 2nd, 3-6 (Groundball, 3, EV 85.6 MPH) Dan Bremseth to third
|
Batting: SHB Detlef Oursler
|
0-0: Called Strike 0-1: Ball 1-1: Ball 2-1: Foul Ball, location: 2F 2-2: Fly out, F8 (Flyball, 8LXD, EV 106.9 MPH) Runner from 3rd tags up, SCORES, no throw by CF
|
Batting: LHB Jamel Alexander
|
0-0: Ball 1-0: Swinging Strike 1-1: Ball 2-1: Ball 3-1: Foul Ball, location: 2F 3-2: Strikes out looking
|
Top of the 7th over - 1 run, 1 hit, 0 errors, 1 left on base; Columbia 3 - Mobile 2 |
BOTTOM OF THE 7TH |
Mobile BayBears batting - Pitching for Columbia Fireflies : RHP Raymundo Pato
|
Batting: RHB Sean Tanner
|
0-0: Ball 1-0: Foul Ball, location: 2F 1-1: Swinging Strike 1-2: Foul Ball, location: 2F 1-2: Foul Ball, location: 2F 1-2: Strikes out swinging
|
Pinch Hitting: LHB Koson Hirai
|
0-0: Ball 1-0: Foul Ball, location: 2F 1-1: Ball 2-1: Ball 3-1: Foul Ball, location: 2F 3-2: Strikes out swinging
|
Batting: RHB Luke Stark
|
0-0: Foul Ball, location: 2F 0-1: Ball 1-1: Ball 2-1: Foul Ball, location: 2F 2-2: Foul Ball, location: 2F 2-2: Foul Ball, location: 2F 2-2: Ground out U3 (Groundball, 3L, EV 86.2 MPH)
|
Bottom of the 7th over - 0 runs, 0 hits, 0 errors, 0 left on base; Columbia 3 - Mobile 2 |
TOP OF THE 8TH |
Columbia Fireflies batting - Pitching for Mobile BayBears : LHP Heath Henderson
|
Now at SS: Frank Mullen
|
|
Batting: LHB Bayesa Mundhir
|
0-0: Ball 1-0: Called Strike 1-1: Foul Ball, location: 2F 1-2: Ball 2-2: Ground out U3 (Groundball, 3L, EV 80.0 MPH)
|
Batting: SHB Jerry Burrows
|
0-0: Fly out, F7 (Flyball, 7, EV 93.1 MPH)
|
Batting: LHB Miguel Ramos
|
0-0: Ground out U3 (Groundball, 3, EV 80.6 MPH)
|
Top of the 8th over - 0 runs, 0 hits, 0 errors, 0 left on base; Columbia 3 - Mobile 2 |
BOTTOM OF THE 8TH |
Mobile BayBears batting - Pitching for Columbia Fireflies : RHP Raymundo Pato
|
Pitching: RHP Tyler Lybrand
|
|
Batting: LHB Yao-pang Tien
|
0-0: Ball 1-0: Ball 2-0: Foul Ball, location: 2F 2-1: Ball 3-1: Foul Ball, location: 2F 3-2: Foul Ball, location: 2F 3-2: Fly out, F4 (Line Drive, 4, EV 73.8 MPH)
|
Batting: RHB Seth Tramontano
|
0-0: Ball 1-0: Ball 2-0: Foul Ball, location: 2F 2-1: Foul Ball, location: 2F 2-2: Ball 3-2: Base on Balls
|
Batting: SHB Rich Muniz
|
0-0: Swinging Strike 0-1: Foul Ball, location: 2F 0-2: Strikes out swinging
|
Batting: RHB Josh Burrows
|
0-0: Called Strike 0-1: Ball 1-1: Foul Ball, location: 2F 1-2: Fly out, F8 (Line Drive, 8RM, EV 90.0 MPH)
|
Bottom of the 8th over - 0 runs, 0 hits, 0 errors, 1 left on base; Columbia 3 - Mobile 2 |
TOP OF THE 9TH |
Columbia Fireflies batting - Pitching for Mobile BayBears : LHP Heath Henderson
|
Pitching: RHP John Petersen
|
|
Batting: SHB Jason Evans
|
0-0: Called Strike 0-1: Foul Ball, location: 2F 0-2: Ball 1-2: Strikes out swinging
|
Batting: LHB Dan Bremseth
|
0-0: Foul Ball, location: 2F 0-1: Ball 1-1: Called Strike 1-2: Ball 2-2: Ground out 4-3 (Groundball, 4, EV 86.2 MPH)
|
Batting: RHB Gary Hills
|
0-0: Ball 1-0: Ball 2-0: Ball 3-0: Base on Balls
|
Batting: RHB David Reyna
|
0-0: Called Strike 0-1: Ball 1-1: Foul Ball, location: 2F 1-2: Strikes out looking
|
Top of the 9th over - 0 runs, 0 hits, 0 errors, 1 left on base; Columbia 3 - Mobile 2 |
BOTTOM OF THE 9TH |
Mobile BayBears batting - Pitching for Columbia Fireflies : RHP Tyler Lybrand
|
Pitching: RHP Matt Bennett
|
|
Batting: RHB Francisco Gutierrez
|
0-0: Foul Ball, location: 2F 0-1: Ball 1-1: Ball 2-1: Ground out 5-3 (Groundball, 5, EV 86.9 MPH)
|
Batting: RHB D.J. Cooke
|
0-0: Ball 1-0: Fly out, F7 (Flyball, 7D, EV 100.6 MPH)
|
Pinch Hitting: SHB Ken Welch
|
0-0: Ball 1-0: Called Strike 1-1: Called Strike 1-2: Ball 2-2: Ball 3-2: SOLO HOME RUN (Flyball, 9LD, EV 93.8 MPH), Distance : 344 ft
|
Batting: LHB Frank Mullen
|
0-0: Ball 1-0: Foul Ball, location: 2F 1-1: Ground out U3 (Groundball, 3, EV 81.9 MPH)
|
Bottom of the 9th over - 1 run, 1 hit, 0 errors, 0 left on base; Columbia 3 - Mobile 3 |
TOP OF THE 10TH |
Columbia Fireflies batting - Pitching for Mobile BayBears : RHP John Petersen
|
Pitching: RHP Edwin Martinez
|
|
Now at C: Yasuo Nakata
|
|
Batting: SHB Detlef Oursler
|
0-0: Called Strike 0-1: Ball 1-1: Ball 2-1: Foul Ball, location: 2F 2-2: Foul Ball, location: 2F 2-2: Ground out U3 (Groundball, 3, EV 87.5 MPH)
|
Batting: LHB Jamel Alexander
|
0-0: Foul Ball, location: 2F 0-1: Ball 1-1: Foul Ball, location: 2F 1-2: Ball 2-2: Strikes out swinging
|
Batting: LHB Bayesa Mundhir
|
0-0: Foul Ball, location: 2F 0-1: Ball 1-1: Called Strike 1-2: Ball 2-2: Foul Ball, location: 2F 2-2: Ball 3-2: Ground out U3 (Groundball, 34, EV 104.4 MPH)
|
Top of the 10th over - 0 runs, 0 hits, 0 errors, 0 left on base; Columbia 3 - Mobile 3 |
BOTTOM OF THE 10TH |
Mobile BayBears batting - Pitching for Columbia Fireflies : RHP Matt Bennett
|
Batting: RHB Luke Stark
|
0-0: Called Strike 0-1: Ball 1-1: Ball 2-1: Ground out 2-3 (Groundball, 15S, EV 70.0 MPH)
|
Batting: LHB Yao-pang Tien
|
0-0: Foul Ball, location: 2F 0-1: Foul Ball, location: 2F 0-2: SINGLE (Line Drive, 34D, EV 98.1 MPH)
|
Batting: RHB Seth Tramontano
|
0-0: Called Strike Yao-pang Tien is caught stealing 2nd base 2-4 0-1: Ball 1-1: Called Strike 1-2: Fly out, F7 (Flyball, 7S, EV 80.6 MPH)
|
Bottom of the 10th over - 0 runs, 1 hit, 0 errors, 0 left on base; Columbia 3 - Mobile 3 |
TOP OF THE 11TH |
Columbia Fireflies batting - Pitching for Mobile BayBears : RHP Edwin Martinez
|
Batting: SHB Jerry Burrows
|
0-0: Ball 1-0: Ball 2-0: Swinging Strike 2-1: Called Strike 2-2: Ball 3-2: Strikes out looking
|
Batting: LHB Miguel Ramos
|
0-0: Ball 1-0: Ball 2-0: Called Strike 2-1: Called Strike 2-2: Strikes out swinging
|
Batting: SHB Jason Evans
|
0-0: Called Strike 0-1: Ball 1-1: SINGLE (Groundball, 34D, EV 98.8 MPH)
|
Batting: LHB Dan Bremseth
|
0-0: Ball 1-0: Fly out, F8 (Flyball, 89M, EV 95.6 MPH)
|
Top of the 11th over - 0 runs, 1 hit, 0 errors, 1 left on base; Columbia 3 - Mobile 3 |
BOTTOM OF THE 11TH |
Mobile BayBears batting - Pitching for Columbia Fireflies : RHP Matt Bennett
|
Pitching: RHP Geoff McDaniel
|
|
Batting: SHB Rich Muniz
|
0-0: DOUBLE (Line Drive, 89XD, EV 107.5 MPH)
|
Batting: RHB Josh Burrows
|
0-0: Ball 1-0: Called Strike 1-1: Ball 2-1: Foul Ball, location: 2F 2-2: Strikes out looking
|
Batting: RHB Francisco Gutierrez
|
0-0: Ball 1-0: Foul Ball, location: 2F 1-1: Foul Ball, location: 2F 1-2: SINGLE (Line Drive, 89S, EV 105.6 MPH) Rich Muniz to third
|
Batting: RHB D.J. Cooke
|
0-0: Called Strike 0-1: Ball 1-1: SINGLE (Groundball, 34D, EV 108.8 MPH) Rich Muniz scores
|
Bottom of the 11th over - 1 run, 3 hits, 0 errors, 1 left on base; Columbia 3 - Mobile 4 |
|